 Dungeon Crawl Stone Soup version 0.25-a0-2-g6559c6c67a (webtiles) character file.

Game seed: 12196593968279671549, levelgen mode: deterministic

128 Arixos the Charmwright (level 5, -3/27 HPs)
             Began as a Vine Stalker Skald on Oct 14, 2019.
             Slain by a wight
             ... wielding a +0 spear
              (6 damage)
             ... on level 3 of the Dungeon.
             The game lasted 00:06:13 (1739 turns).

Arixos the Charmwright (Vine Stalker Skald)         Turns: 1739, Time: 00:06:13

Health: -3/27      AC:  3    Str: 14    XL:     5   Next: 12%
Magic:  0/10       EV: 12    Int: 13    God:
Gold:   89         SH:  0    Dex: 14    Spells: 1/9 levels left

rFire    . . .     SeeInvis .   a - +0 falchion
rCold    . . .     Gourm    .   (no shield)
rNeg     . . .     Faith    .   b - +0 leather armour
rPois    .         Spirit   +   (no helmet)
rElec    .         Reflect  .   (no cloak)
rCorr    .         Harm     .   (no gloves)
MR       .....                  (no boots)
Stlth    +.........             (no amulet)
HPRegen  0.49/turn              (no ring)
MPRegen  0.12/turn              (no ring)

@: very slightly contaminated, lightly drained
A: fangs 2, regeneration 1, magic shield, antimagic bite, no potion heal 3, rot
immunity
a: no special abilities


You were on level 3 of the Dungeon.
You were hungry.

You visited 1 branch of the dungeon, and saw 3 of its levels.

You collected 89 gold pieces.

Inventory:

Hand Weapons
 a - a +0 falchion (weapon)
Armour
 b - a +0 leather armour (worn)
Scrolls
 c - a scroll of magic mapping {unknown}
 e - a scroll of amnesia {unknown}
 f - 6 scrolls of identify {unknown}
 l - a scroll of enchant armour {unknown}
Potions
 g - a potion of haste {unknown}
 h - a potion of might {unknown}
 i - 2 potions of heal wounds {unknown}
 j - 2 potions of magic {unknown}
 k - a potion of curing {unknown}
Comestibles
 d - 4 rations
 m - 2 chunks of flesh


   Skills:
 + Level 2.4 Fighting
 + Level 2.4 Long Blades
 - Level 0.7 Armour
 + Level 2.1 Dodging
 + Level 2.7 Spellcasting
 + Level 3.4 Charms
 + Level 1.1 Necromancy
 + Level 1.3 Translocations


You had one spell level left.
You knew the following spells:

 Your Spells              Type           Power        Failure   Level  Hunger
a - Song of Slaying       Chrm           ##......     11%         2    ###....
b - Infusion              Chrm           ##..         8%          1    #......
r - Regeneration          Chrm/Necr      #.........   34%         3    ###....
s - Shroud of Golubria    Chrm/Tloc      #.....       17%         2    ###....

Your spell library contained the following spells:

 Spells                   Type           Power        Failure   Level  Hunger
 Spectral Weapon          Hex/Chrm       #.......     41%         3    ###....


Dungeon Overview and Level Annotations

Branches:
Dungeon (3/15)

Altars:
Uskayaw


Innate Abilities, Weirdness & Mutations

You have extremely sharp teeth.
Your natural rate of healing is unusually fast.
When hurt, damage is shared between your health and your magic reserves.
Your bite disrupts and absorbs the magic of your enemies.
Potions cannot restore your health.
You are immune to rotting.


Message History

The wight hits you with a +4 hand axe!
Your shroud falls apart!
The wight hits you with a +4 hand axe.
You hit the wight but do no damage.
The wight is almost destroyed.
The wight hits you with a +4 hand axe!
* * * LOW HITPOINT WARNING * * *
You barely miss the wight.
The wight is almost destroyed.
Your skin stops crawling.
The wight hits you but does no damage.
You barely miss the wight. You bite the wight.
You destroy the wight!
Your Necromancy skill increases to level 1!
You have reached level 5!
You hit the wight but do no damage. Your bite misses the wight.
The wight closely misses you.
You riposte.
You hit the wight but do no damage. You bite the wight, but do no damage.
The wight hits you from afar with a +0 spear.
You die...

#.......#...##.#
#.#####.z........
#.#####.#...#..##
#.##........# .#
#.##.##.#.....)#
#...).[.##.##.#
####z##.......# ###
#z#####.#### ##.###@#
#..†..# #.#....#
#.....#
##.#######.....#####
##.................#
##.#.####..###.###...
##.###.###..# #.# ##
#.## ##.##..###'###.##
##.###..##....'_###..#
##.#.#.##..###'###..#


You could see 2 wights.

Vanquished Creatures
  A wight (D:3)
  3 adders (D:2)
  A worm (D:2)
  4 dart slugs (D:1)
  4 leopard geckos
  4 orcs (D:3)
  3 giant cockroaches
  3 goblins
  A hobgoblin (D:1)
  5 jackals (D:2)
  5 bats
  8 kobolds
  2 rats (D:1)
44 creatures vanquished.

Notes
Turn   | Place    | Note
-------+----------+-------------------------------------------
     0 | D:1      | Arixos the Vine Stalker Skald began the quest for the Orb.
     0 | D:1      | Reached XP level 1. HP: 11/11 MP: 4/4
    70 | D:1      | Reached XP level 2. HP: 12/15 MP: 3/6
    74 | D:1      | Learned a level 2 spell: Shroud of Golubria
   692 | D:2      | Reached XP level 3. HP: 16/18 MP: 4/7
   697 | D:2      | Learned a level 3 spell: Regeneration
  1247 | D:2      | Gained mutation: Your natural rate of healing is unusually
                  | fast. [Vine Stalker growth]
  1247 | D:2      | Reached XP level 4. HP: 23/23 MP: 8/8
  1251 | D:2      | Learned a level 2 spell: Song of Slaying
  1448 | D:2      | Reached skill level 1 in Translocations
  1622 | D:3      | Found a hide-covered altar of Uskayaw.
  1736 | D:3      | HP: 1/23 [wight/+4 hand axe (9)]
  1738 | D:3      | Reached skill level 1 in Necromancy
  1738 | D:3      | Reached XP level 5. HP: 2/27 MP: 0/10
  1739 | D:3      | Slain by a wight

Levels and vault maps discovered:
D:1:      dpeg_arrival_erosion, layout_loops_cross, minmay_misc_feat_hallway
D:2:      layout_loops_ring
D:3:      layout_loops_cross, lemuel_doored_altar

Skill      XL: |  1  2  3  4 |
---------------+-------------+-----
Fighting       | 2 |  2.4
Long Blades    | 2 |  2.4
Dodging        | 2 |  2.1
Translocations | 1 |  1.3
Necromancy     | 1 |  1.1
Armour         | |  0.7
Spellcasting   | |  2.7
Charms         | |  3.4

Action                   |  1- 3 |  4- 6 || total
-------------------------+-------+-------++-------
Melee: Falchion          |    81 |    43 ||   124
       Bite              |    29 |    14 ||    43
 Cast: Shroud of Golubri |     4 |     3 ||     7
       Regeneration      |       |     1 ||     1
       Song of Slaying   |       |     1 ||     1
  Eat: Chunk             |     2 |     1 ||     3
Armor: Leather armour    |    23 |    11 ||    34
Dodge: Dodged            |    57 |    31 ||    88
       Rpst.: Falchion   |    13 |    12 ||    25

Table legend:
 A = Non-vault XP
 B = Vault XP
 C = Vault XP percentage of total XP
 D = Non-vault monster count
 E = Vault monster count
 F = Vault count percentage of total count
                 A         B        C        D         E       F
            +---------+---------+-------+---------+---------+-------
      Total |     184 |       0 |   0.0 |      44 |       0 |   0.0
            +---------+---------+-------+---------+---------+-------
        D:1 |      32 |       0 |   0.0 |      15 |       0 |   0.0
        D:2 |      76 |       0 |   0.0 |      21 |       0 |   0.0
        D:3 |      76 |       0 |   0.0 |       8 |       0 |   0.0
            +---------+---------+-------+---------+---------+-------
